 Dungeon Crawl Stone Soup version 0.31-a0-986-g5e6e4ef867 (webtiles) character file.

Game seed: 12903529427909955743

639 fernweh the Slasher (level 7, -3/84 HPs)
             Began as a Gnoll Reaver on Nov 6, 2023.
             Slain by a gnoll
             ... wielding a +0 halberd
              (12 damage)
             ... on level 4 of the Dungeon.
             The game lasted 00:13:36 (3458 turns).

fernweh the Slasher (Gnoll Reaver)                  Turns: 3458, Time: 00:13:37

Health: -3/84      AC: 23    Str:  9 (11) XL:     7   Next: 50%
Magic:  15/15      EV:  2    Int: 14 (15) God:
Gold:   345        SH:  0    Dex:  8 (10) Spells: 15/17 levels left

rFire   . . .        a - +1 falchion
rCold   . . .        (no shield)
rNeg    . . .        u - melded +1 robe "Hiocraech" {Drain rF+ rCorr SInv}
rPois   +            r - melded +2 helmet
rElec   .            w - melded +1 cloak
rCorr   .            (gloves currently unavailable)
SInv    .            (boots currently unavailable)
Will    +....        (no amulet)
Stlth   +            o - +5 ring of evasion
HPRegen 0.34/turn    s - ring of willpower
MPRegen 0.14/turn

%: no passive effects
@: confused, mighty, tree-form (expiring), ambrosia-drunk, attractive
A: stationary, stasis, torment immunity, boosted hp, (fangs 1), strong nose,
distributed training
a: no special abilities


You were on level 4 of the Dungeon.
You were a tree.
You visited 1 branch of the dungeon, and saw 4 of its levels.

You collected 345 gold pieces.

Inventory:

Hand Weapons
 a - a +1 falchion (weapon)
Missiles
 e - 2 poisoned darts
Armour
 r - a +2 helmet (melded)
 u - the +1 robe "Hiocraech" (melded) {Drain rF+ rCorr SInv}
   (You found it on level 2 of the Dungeon)

   rF+:       It protects you from fire.
   SInv:      It lets you see invisible.
   rCorr:     It protects you from acid and corrosion.
   Drain:     It drains your maximum health when unequipped.
 w - a +1 cloak (melded)
Jewellery
 j - a ring of ice
 o - a +5 ring of evasion (left branch)
 p - a ring of fire
 s - a ring of willpower (right branch)
Wands
 y - a wand of flame (21)
Scrolls
 g - 2 scrolls of enchant weapon
 h - a scroll of acquirement {unknown}
 i - 2 scrolls of fear {unknown}
 k - 3 scrolls of identify {unknown}
 q - 2 scrolls of butterflies {unknown}
 A - 2 scrolls of poison {unknown}
Potions
 d - 3 potions of attraction
 f - a potion of lignification
 m - a potion of cancellation {unknown}
 n - a potion of degeneration
 t - a potion of resistance {unknown}
 x - a potion of enlightenment {unknown}
 z - a potion of curing {unknown}


   Skills:
 + Level 5.3 Fighting
 + Level 2.6 Short Blades
 + Level 7.1 Long Blades
 + Level 2.6 Axes
 + Level 2.6 Maces & Flails
 + Level 2.6 Polearms
 + Level 2.6 Staves
 + Level 2.6 Ranged Weapons
 + Level 2.6 Throwing
 + Level 2.6 Armour
 + Level 5.3 Dodging
 + Level 2.6 Stealth
 + Level 2.6 Shields
 + Level 2.6 Unarmed Combat
 + Level 5.6 Spellcasting
 + Level 5.9 Conjurations
 + Level 2.1 Hexes
 + Level 2.1 Summonings
 + Level 2.1 Necromancy
 + Level 2.1 Translocations
 + Level 2.1 Transmutations
 + Level 2.1 Fire Magic
 + Level 2.1 Ice Magic
 + Level 2.1 Air Magic
 + Level 2.1 Earth Magic
 + Level 2.1 Poison Magic
 + Level 2.9 Invocations
 + Level 2.6 Evocations
 + Level 2.3 Shapeshifting


You had 15 spell levels left.
You knew the following spells:

 Your Spells              Type           Power      Damage    Failure   Level
a - Kiss of Death         Conj/Necr      60%        2d10      3%          1
b - Summon Small Mammal   Summ           36%        N/A       7%          1

Your spell library contained the following spells:

 Spells                   Type           Power      Damage    Failure   Level
 Momentum Strike          Conj/Tloc      30%        3d8       4%          2
 Hailstorm                Conj/Ice       15%        3d5       10%         3
 Cigotuvi's Dreadful Rot  Necr/Pois/Air  18%        N/A       11%         2
 Call Canine Familiar     Summ           9%         N/A       21%         3
 Inner Flame              Hex/Fire       9%         N/A       21%         3
 Summon Guardian Golem    Hex/Summ       9%         N/A       21%         3
 Dispel Undead            Necr           9%         3d8       56%         4
 Yara's Violent Unravell  Hex/Tmut       4%         3d4       88%         5
 Death Channel            Necr           4%         N/A       100%        6
 Enfeeble                 Hex            4%         N/A       100%        7


Dungeon Overview and Level Annotations

Branches:
Dungeon (4/15)
 Temple: D:4-7

Altars:

Shops:
D:3 [


Innate Abilities, Weirdness & Mutations

You are a tree.
Your roots penetrate the ground, keeping you stationary.
You cannot be teleported.
You are immune to unholy pain and torment.
Your maximum health is greatly increased.
Your equipment is partially melded.
((You have very sharp teeth.))
Your uncanny sense of smell can sniff out nearby items.
Your experience applies equally to all skills.


Message History

You hit the gnoll.
The gnoll is heavily wounded.
The gnoll hits you with a +0 flail of protection.
The gnoll hits you from afar with a +0 halberd.
You closely miss the gnoll.
The gnoll is heavily wounded.
The gnoll hits you but does no damage.
The gnoll hits you from afar with a +0 halberd.
* * * LOW HITPOINT WARNING * * *
You hit the gnoll.
The gnoll is severely wounded.
The gnoll hits you but does no damage. x2
You hit the gnoll but do no damage.
The gnoll is severely wounded.
The gnoll hits you but does no damage.
The gnoll hits you from afar with a +0 halberd!
* * * LOW HITPOINT WARNING * * *
It was a potion of attraction.
You feel attractive to monsters.
The gnoll hits you with a +0 flail of protection.
* * * LOW HITPOINT WARNING * * *
The gnoll hits you from afar with a +0 halberd.
* * * LOW HITPOINT WARNING * * *
It was a potion of degeneration.
There was something very wrong with that liquid.
You feel weakened.
You feel dopey.
You feel clumsy.
Your transformation is almost over.
The gnoll hits you but does no damage. x2
Unknown command.
It was a potion of ambrosia.
You are confused.
You feel invigorated. The gnoll completely misses you.
The gnoll hits you from afar with a +0 halberd.
* * * LOW HITPOINT WARNING * * *
Okay, then.
It was a potion of might.
You feel very mighty all of a sudden. The gnoll hits you but does no damage.
The gnoll hits you from afar with a +0 halberd!
You die...

#. #.
#########.
####.........
#.##.########
###....# #
#..#####
#.#####.#
#gg♣....#
#########


You could see 2 gnolls.

Vanquished Creatures
  Eustachio (D:4)
  Duvessa (D:4)
  Blork the orc (D:4)
  Dowan (D:4)
  2 hounds (D:4)
  An iguana (D:4)
  Jessica (D:2)
  Natasha (twice) (D:4)
  Robin (D:2)
  A gnoll (D:4)
  4 adders
  An orc (D:4)
  4 endoplasms
  3 giant cockroaches
  12 goblins
  9 hobgoblins
  6 jackals
  2 kobolds (D:1)
  A quokka (D:2)
  6 ball pythons
  3 bats
  4 frilled lizards
  2 rats (D:3)
69 creatures vanquished.

Notes
Turn   | Place    | Note
-------+----------+-------------------------------------------
     0 | D:1      | fernweh the Gnoll Reaver began the quest for the Orb.
     0 | D:1      | Reached XP level 1. HP: 20/20 MP: 6/6
   174 | D:1      | Reached XP level 2. HP: 23/24 MP: 7/7
   757 | D:2      | Noticed Jessica
   764 | D:2      | Killed Jessica
   765 | D:2      | Reached skill level 5 in Spellcasting
   765 | D:2      | Reached skill level 1 in Invocations
   765 | D:2      | Reached XP level 3. HP: 26/31 MP: 7/9
   773 | D:2      | Reached skill level 1 in Short Blades
   773 | D:2      | Reached skill level 1 in Axes
   773 | D:2      | Reached skill level 1 in Maces & Flails
   773 | D:2      | Reached skill level 1 in Polearms
   773 | D:2      | Reached skill level 1 in Staves
   773 | D:2      | Reached skill level 1 in Ranged Weapons
   773 | D:2      | Reached skill level 1 in Throwing
   773 | D:2      | Reached skill level 1 in Armour
   773 | D:2      | Reached skill level 1 in Stealth
   773 | D:2      | Reached skill level 1 in Shields
   773 | D:2      | Reached skill level 1 in Unarmed Combat
   773 | D:2      | Reached skill level 1 in Evocations
  1090 | D:2      | Reached XP level 4. HP: 38/38 MP: 11/11
  1116 | D:2      | Reached skill level 1 in Shapeshifting
  1213 | D:2      | Noticed Robin
  1221 | D:2      | Killed Robin
  1222 | D:2      | Reached skill level 1 in Hexes
  1222 | D:2      | Reached skill level 1 in Summonings
  1222 | D:2      | Reached skill level 1 in Necromancy
  1222 | D:2      | Reached skill level 1 in Translocations
  1222 | D:2      | Reached skill level 1 in Transmutations
  1222 | D:2      | Reached skill level 1 in Fire Magic
  1222 | D:2      | Reached skill level 1 in Ice Magic
  1222 | D:2      | Reached skill level 1 in Air Magic
  1222 | D:2      | Reached skill level 1 in Earth Magic
  1222 | D:2      | Reached skill level 1 in Poison Magic
  1572 | D:2      | Identified the +1 robe "Hiocraech" {Drain rF+ rCorr SInv}
  1956 | D:3      | Found Guudui's Armour Boutique.
  2008 | D:3      | Reached XP level 5. HP: 37/43 MP: 12/12
  2555 | D:4      | Learned a level 1 spell: Summon Small Mammal
  2851 | D:4      | Noticed Duvessa
  2854 | D:4      | Noticed Blork the orc
  2877 | D:4      | Killed Blork the orc
  2878 | D:4      | Reached skill level 5 in Fighting
  2878 | D:4      | Reached skill level 5 in Dodging
  2878 | D:4      | Reached XP level 6. HP: 51/51 MP: 5/14
  2880 | D:4      | Noticed Dowan
  2897 | D:4      | Killed Duvessa
  2899 | D:4      | Killed Dowan
  2900 | D:4      | Reached XP level 7. HP: 49/56 MP: 8/15
  2976 | D:4      | Noticed Eustachio
  2991 | D:4      | Killed Eustachio
  2992 | D:4      | Reached skill level 7 in Long Blades
  3129 | D:4      | Noticed Natasha
  3133 | D:4      | Killed Natasha
  3216 | D:4      | Noticed Natasha
  3220 | D:4      | Killed Natasha
  3455 | D:4      | HP: 2/84 [gnoll/+0 halberd (6)]
  3458 | D:4      | Slain by a gnoll

Illustrated notes

Levels and vault maps discovered:
D:1:      dpeg_arrival_rooms_c, layout_loops_ring, minmay_misc_feat_x,
          dreamdust_princess_bridge, minmay_gold_behind_fungi
D:2:      layout_loops_ring, uniq_jessica, uniq_robin
D:3:      layout_basic, serial_shops, nicolae_shop_advertising_works
          [nicolae_subvault_shop_adworks]
D:4:      layout_loops_corners, lemuel_temple_firewalk_b, uniq_blork_the_orc,
          uniq_natasha, uniq_eustachio, uniq_duvessa

Skill      XL: |  1  2  3  4  5  6  7 |
---------------+----------------------+-----
Spellcasting   | 5 |  5.6
Invocations    | 1 2 |  2.9
Short Blades   | 1 2 |  2.6
Axes           | 1 2 |  2.6
Maces & Flails | 1 2 |  2.6
Polearms       | 1 2 |  2.6
Staves         | 1 2 |  2.6
Ranged Weapons | 1 2 |  2.6
Throwing       | 1 2 |  2.6
Armour         | 1 2 |  2.6
Stealth        | 1 2 |  2.6
Shields        | 1 2 |  2.6
Unarmed Combat | 1 2 |  2.6
Evocations     | 1 2 |  2.6
Shapeshifting  | 1 2 |  2.3
Hexes          | 1 2 |  2.1
Summonings     | 1 2 |  2.1
Necromancy     | 1 2 |  2.1
Translocations | 1 2 |  2.1
Transmutations | 1 2 |  2.1
Fire Magic     | 1 2 |  2.1
Ice Magic      | 1 2 |  2.1
Air Magic      | 1 2 |  2.1
Earth Magic    | 1 2 |  2.1
Poison Magic   | 1 2 |  2.1
Fighting       | 5 |  5.3
Dodging        | 5 |  5.3
Long Blades    | 7 |  7.1
Conjurations   | |  5.9

Action                     |  1- 3 |  4- 6 |  7- 9 || total
---------------------------+-------+-------+-------++-------
  Melee: Falchion          |    78 |   129 |    38 ||   245
         Bite              |     3 |    12 |     5 ||    20
  Throw: Dart              |     1 |     3 |     6 ||    10
   Cast: Kiss of Death     |     1 |       |       ||     1
         Summon Small Mamm |       |     9 |       ||     9
  Evoke: Wand              |       |     3 |    11 ||    14
    Use: Scroll            |       |     3 |     1 ||     4
         Potion            |       |       |     5 ||     5
   Stab: Sleeping          |       |     2 |       ||     2
 Armour: Leather armour    |    50 |    23 |       ||    73
         Robe              |       |    31 |    14 ||    45
         Skin              |       |       |    23 ||    23
  Dodge: Dodged            |    41 |   121 |    30 ||   192

Table legend: (Time is in decaauts)
 A = Elapsed time spent in this place.
 B = Non-inter-level travel time spent in this place.
 C = Inter-level travel time spent in this place.
 D = Time resting spent in this place.
 E = Time spent auto-exploring this place.
 F = Levels seen in this place.
 G = Mean time per level.
                   A        B        C        D        E       F      G
               +--------+--------+--------+--------+--------+-----+--------+
         Total |   3448 |   3316 |    132 |    101 |   2630 |   4 |  862.0 |
       Dungeon |   3448 |   3316 |    132 |    101 |   2630 |   4 |  862.0 |
               +--------+--------+--------+--------+--------+-----+--------+

Top non-repeatable levels by time:
     D:2: 1057 daAuts
     D:4: 927 daAuts
     D:3: 731 daAuts
     D:1: 731 daAuts
